 Dungeon Crawl Stone Soup version 0.20.1-1-g8b1a95d (webtiles) character file.

105 pstr the Conjurer (level 5, -13/28 HPs)
             Began as a Kobold Conjurer on Nov 12, 2017.
             Killed by divine providence
             ... invoked by an orc priest
              (15 damage)
             ... on level 3 of the Dungeon.
             The game lasted 00:06:52 (2706 turns).

pstr the Conjurer (Kobold Conjurer)                 Turns: 2706, Time: 00:06:53

Health: -13/28     AC:  5    Str:  5    XL:     5   Next: 8%
Magic:  5/9        EV: 12    Int: 18    God:
Gold:   122        SH:  0    Dex: 15    Spells: 7/10 levels left

rFire    . . .     SeeInvis .   k - +2 mace (protect)
rCold    . . .     Gourm    .   (shield restricted)
rNeg     . . .     Faith    .   f - +0 ring mail
rPois    .         Spirit   .   (no helmet)
rElec    .         Reflect  .   (no cloak)
rCorr    .         Harm     .   (no gloves)
MR       .....                  (no boots)
Stlth    ++........             (no amulet)
Regen    0.1/turn               (no ring)
MPRegen  0.2/turn               (no ring)

@: very slightly contaminated
A: carnivore 3
a: no special abilities


You were on level 3 of the Dungeon.
You were completely stuffed.

You visited 1 branch of the dungeon, and saw 3 of its levels.

You collected 122 gold pieces.

Inventory:

Hand Weapons
 e - a +0 club
 k - a +2 mace of protection (weapon)
Missiles
 g - 73 stones (quivered)
Armour
 a - a +0 robe
 f - a +0 ring mail (worn)
Scrolls
 i - a scroll of blinking {unknown}
 l - a scroll of magic mapping {unknown}
 n - 3 scrolls of teleportation {unknown}
 p - a scroll of enchant weapon {unknown}
 q - 2 scrolls of identify {unknown}
 t - a scroll of fear {unknown}
 u - a scroll of recharging {unknown}
 w - a scroll of remove curse {unknown}
 x - a scroll of random uselessness {unknown}
Potions
 h - a potion of haste {unknown}
 j - 2 potions of lignification {unknown}
 m - 2 potions of cancellation {unknown}
 o - a potion of brilliance {unknown}
 s - a potion of curing {unknown}
 v - a potion of degeneration {unknown}
Books
 b - a book of Conjurations

   Spells                             Type                      Level
   a - Magic Dart                     Conjuration                  1
   b - Searing Ray                    Conjuration                  2
   c - Dazzling Spray                 Conjuration/Hexes            3
   d - Fulminant Prism                Conjuration/Hexes            4
   e - Force Lance                    Conjuration/Translocation    4
   f - Iskenderun's Mystic Blast      Conjuration                  4
Comestibles
 c - a meat ration
 d - 3 royal jellies
 r - 11 chunks of flesh


   Skills:
 + Level 1.2 Maces & Flails
 + Level 0.5 Armour
 + Level 3.1 Dodging
 + Level 3.2 Stealth
 + Level 3.0 Spellcasting
 + Level 4.6 Conjurations


You had 7 spell levels left.
You knew the following spells:

 Your Spells              Type           Power        Failure   Level  Hunger
a - Magic Dart            Conj           ###.         11%         1    None
b - Searing Ray           Conj           ###...       17%         2    ##.....


Dungeon Overview and Level Annotations

Branches:
Dungeon (3/15)

Altars:
Fedhas


Innate Abilities, Weirdness & Mutations

You are small and have problems with some larger weapons.
You are carnivorous and can eat meat at any time.


Message History

Confirm with . or Enter, or press ? or * to list all spells.
Aiming: Magic Dart
Press: ? - help, Shift-Dir - straight line, f - orc priest, p - orc
Aim: an orc priest, wielding a dagger of venom The magic dart hits the orc.
The orc is severely wounded.
Casting: Magic Dart
Confirm with . or Enter, or press ? or * to list all spells.
Aiming: Searing Ray
Press: ? - help, Shift-Dir - straight line, p - orc priest You miscast Searing Ray.
You are very lightly contaminated with residual magic.
You are momentarily dazzled by a flash of light!
The orc priest calls down the wrath of Beogh upon you.
Beogh smites you!
* * * LOW HITPOINT WARNING * * *
The orc priest invokes the aid of Beogh against you.
Beogh smites you!
Ouch! That really hurt!
You die...

## ##### ...##...##
....?....##
g.........#
..........######
o.......o...o@.#####
.........#####.....##
...##...## #.###..# #
##### ##.####.#
##...###.#
##.....##.#
###.......#.#
#....._..รท).#
##.#.......###


You could see an orc priest and an orc.

Vanquished Creatures
  Terence (D:2)
  2 adders (D:3)
  A worm (D:2)
  A dart slug (D:1)
  2 leopard geckos
  A ball python (D:1)
  4 bats
  2 giant cockroaches
  9 goblins
  8 hobgoblins
  2 jackals (D:2)
  5 kobolds
  4 frilled lizards
  8 rats
50 creatures vanquished.

Notes
Turn   | Place    | Note
-------+----------+-------------------------------------------
     0 | D:1      | pstr the Kobold Conjurer began the quest for the Orb.
     0 | D:1      | Reached XP level 1. HP: 10/10 MP: 3/3
   326 | D:1      | Reached XP level 2. HP: 5/15 MP: 0/5
   557 | D:1      | Learned a level 2 spell: Searing Ray
   781 | D:1      | Reached XP level 3. HP: 19/19 MP: 3/6
  1849 | D:2      | Noticed Terence
  1870 | D:2      | Killed Terence
  1870 | D:2      | Reached XP level 4. HP: 19/24 MP: 1/8
  2382 | D:3      | Reached skill level 1 in Maces & Flails
  2492 | D:3      | Reached XP level 5. HP: 28/28 MP: 2/9
  2597 | D:3      | Found a blossoming altar of Fedhas.
  2705 | D:3      | HP: 1/28 [orc priest/divine providence (12)]
  2706 | D:3      | Killed from afar by an orc priest

Skill      XL: |  1  2  3  4  5 |
---------------+----------------+-----
Stealth        | 3 |  3.2
Dodging        | 3 |  3.1
Maces & Flails | 1 |  1.2
Spellcasting   | 3 |  3.0
Armour         | |  0.5
Conjurations   | |  4.6

Action                   |  1- 3 |  4- 6 || total
-------------------------+-------+-------++-------
Melee: Unarmed           |     5 |       ||     5
       Mace              |    30 |     6 ||    36
 Cast: Magic Dart        |    55 |    12 ||    67
       Searing Ray       |     3 |     8 ||    11
  Eat: Chunk             |    11 |     4 ||    15
Armor: Robe              |     1 |       ||     1
       Ring mail         |    20 |     4 ||    24
Dodge: Dodged            |    56 |     4 ||    60
